Map: Last Fantasy LE

Players

KimChiLoVer - Winner!

  • Race: Terran Terran
  • League: Diamond
  • Spawn Location: 7:00

HABA

  • Race: Terran Terran
  • League: Diamond
  • Spawn Location: 3:00

VOD

Have the link to the VOD?

Description

Time

  • Played on: Aug. 23, 2025, 11:01 p.m.
  • Length: 12:10
Show
View Real Time Build Order
Export as new Build Order

KimChiLoVer Terran - Winner!

Build Orders: Reaper Expand 

Get SALT Encoding   

  12  0:00  SCV  
  13  0:12  SCV  
  14  0:17  Supply Depot  
  14  0:26  SCV  
  15  0:39  SCV  
  15  0:41  Barracks  
  16  0:46  Refinery  
  16  0:52  SCV  
  17  1:04  SCV  
  18  1:18  SCV  
  19  1:31  Orbital Command, Reaper  
  20  1:40  Command Center  
  20  1:51  Supply Depot  
  20  1:58  SCV  
  21  2:06  Factory  
  21  2:07  Marine  
  22  2:18  Barracks  
  22  2:19  Refinery, SCV  
  23  2:41  Marine  
  24  2:57  Orbital Command  
  24  2:58  Factory Tech Lab  
  24  2:59  Marine  
  24  3:02  Barracks  
  25  3:17  SCV  
  25  3:29  SCV  
  25  3:30  Barracks Reactor  
  25  3:31  Starport  
  25  3:33  SCV  
  27  3:36  Factory Reactor  
  27  3:39  Stimpack  
  27  3:41  SCV  
  27  3:42  Marine  
  27  3:45  SCV  
  30  3:57  SCV  
  30  4:01  Supply Depot  
  31  4:09  Engineering Bay, SCV, Command Center  
  32  4:20  Medivac x2  
  32  4:22  SCV  
  37  4:25  Marine x2, Factory Tech Lab  
  39  4:34  SCV  
  39  4:36  Supply Depot  
  40  4:39  Engineering Bay  
  40  4:43  Refinery  
  40  4:46  SCV  
  40  4:48  Refinery  
  40  4:49  Marine x2  
  40  4:50  Marine  
  44  4:55  Marine  
  44  4:58  SCV  
  46  5:01  Terran Infantry Weapons Level 1  
  46  5:07  Marine x2  
  46  5:08  Barracks  
  46  5:10  SCV  
  46  5:11  Marine  
  46  5:13  Marine  
  51  5:20  Terran Infantry Armor Level 1  
  51  5:21  Barracks  
  51  5:22  Combat Shield  
  51  5:25  SCV  
  51  5:26  SCV  
  53  5:30  Orbital Command  
  53  5:37  Liberator  
  56  5:43  Marine  
  56  5:44  Marine x3  
  60  5:51  Siege Tank  
  60  5:53  SCV  
  60  5:55  SCV  
  65  6:01  Marine, Supply Depot  
  66  6:05  Supply Depot, SCV  
  66  6:07  SCV  
  66  6:10  Marine x4  
  72  6:15  Marine  
  73  6:19  Marine  
  74  6:28  Marine x4  
  78  6:33  Marine  
  78  6:37  Marine  
  75  6:46  Marine x2  
  73  6:49  Marine x2  
  73  6:51  Marine  
  75  6:55  Marine  
  75  7:04  Marine x2  
  75  7:07  Marine x2, SCV  
  80  7:08  Marine  
  80  7:10  Medivac  
  80  7:12  Marine  
  84  7:19  Supply Depot, SCV  
  84  7:21  Marine x2  
  87  7:23  Supply Depot x2  
  87  7:24  Marine  
  87  7:25  Marine  
  87  7:26  Marine  
  90  7:30  Marine  
  90  7:37  Orbital Command  
  91  7:39  Marine x2, Supply Depot  
  91  7:41  Siege Tank, Armory  
  91  7:42  Marine x2  
  98  7:54  Marine x2  
  98  7:57  Marine x2  
  102  8:01  Marine x2  
  101  8:11  Marine  
  101  8:12  Marine  
  92  8:15  Marine x2  
  92  8:18  Marine  
  92  8:19  Marine  
  84  8:28  Siege Tank  
  84  8:29  Marine x2  
  84  8:33  Marine x2  
  91  8:36  Marine x2  
  93  8:41  SCV  
  93  8:47  Marine x2  
  96  8:50  Marine  
  96  8:51  Marine  
  96  8:53  SCV  
  96  8:54  Marine x2  
  97  8:59  Liberator  
  97  9:00  Siege Tank  
  103  9:05  Marine x2, SCV  
  103  9:06  Starport  
  103  9:07  Terran Vehicle And Ship Armor Level 1  
  103  9:08  Marine  
  103  9:09  Marine  
  102  9:12  Marine x2  
  102  9:17  SCV  
  102  9:23  Marine x2  
  103  9:26  Marine  
  103  9:27  Marine  
  103  9:29  SCV  
  103  9:45  Starport Reactor  
  103  9:46  Siege Tank  
  103  9:47  Barracks Tech Lab  
  103  9:48  Barracks Tech Lab x2  
  103  9:51  Terran Infantry Armor Level 2, Terran Infantry Weapons Level 2  
  90  10:18  Siege Tank  
  93  10:26  Command Center  
  93  10:30  Viking x4, Barracks  
  93  10:31  Barracks x2  
  101  10:36  Supply Depot  
  101  10:37  SCV  
  101  10:38  Missile Turret  
  102  10:45  Marauder  
  102  10:46  Marauder x2  
  102  10:47  Concussive Shells  
  108  10:50  Marine x2, Siege Tank  
  108  10:54  Supply Depot  
  113  11:00  Viking x4  
  121  11:06  SCV  
  122  11:14  SCV x2  
  122  11:17  Marine x4  
  122  11:18  Marine, SCV  
  130  11:26  SCV x2  
  130  11:30  SCV  
  139  11:41  Missile Turret  
  139  11:42  SCV  
Show
View Real Time Build Order
Export as new Build Order

HABA Terran 

Build Orders:  

Get SALT Encoding   

  12  0:00  SCV  
  13  0:12  SCV  
  14  0:18  Supply Depot  
  14  0:24  SCV  
  15  0:37  Refinery  
  15  0:41  Barracks  
  15  0:45  SCV  
  16  0:53  Refinery  
  16  0:57  SCV  
  17  1:09  SCV  
  18  1:21  SCV  
  19  1:30  Factory  
  19  1:33  SCV  
  20  1:45  SCV  
  21  1:58  Command Center  
  21  2:01  SCV  
  22  2:12  Supply Depot  
  22  2:14  Factory Tech Lab  
  22  2:18  SCV  
  22  2:22  Barracks Reactor  
  23  2:33  SCV  
  24  2:41  Siege Tank  
  26  3:22  SCV  
  26  3:24  Command Center  
  27  3:32  SCV  
  28  3:37  Starport  
  28  3:41  SCV  
  29  3:48  SCV  
  30  3:53  SCV  
  31  3:57  Siege Tank  
  31  4:00  SCV  
  35  4:05  SCV  
  36  4:10  Engineering Bay  
  36  4:12  SCV  
  37  4:17  SCV  
  37  4:21  Viking  
  40  4:24  SCV  
  41  4:33  SCV  
  41  4:36  SCV  
  41  4:37  Viking  
  45  4:39  SCV  
  46  4:46  Orbital Command  
  46  4:48  SCV  
  46  4:51  SCV  
  46  4:52  Hellion  
  50  5:00  Planetary Fortress  
  50  5:04  SCV  
  50  5:05  Refinery  
  51  5:13  Viking  
  53  5:16  SCV x2  
  55  5:22  Siege Tank  
  55  5:28  SCV x2  
  60  5:29  Refinery  
  60  5:40  SCV  
  61  5:43  Supply Depot  
  61  5:45  Starport  
  61  5:48  Supply Depot  
  61  5:49  Supply Depot  
  61  5:50  Supply Depot  
  61  5:57  Missile Turret  
  61  5:58  Barracks Reactor  
  61  6:02  Armory  
  61  6:05  SCV x2  
  63  6:17  SCV  
  59  6:29  SCV  
  48  6:47  SCV x2  
  50  6:59  SCV  
  50  7:01  Viking x2  
  53  7:03  Planetary Fortress  
  52  7:11  SCV  
  53  7:18  Hellion  
  53  7:23  SCV  
  54  7:30  Viking  
  54  7:33  Command Center  
  54  7:35  SCV  
  57  7:37  Missile Turret  
  57  7:40  SCV  
  58  7:48  SCV  
  59  7:52  SCV  
  59  7:55  Terran Vehicle Weapons Level 1  
  59  7:56  Viking  
  62  7:58  Smart Servos  
  62  8:00  SCV  
  62  8:04  SCV  
  63  8:12  SCV  
  54  8:24  SCV  
  54  8:25  Siege Tank  
  49  8:32  Command Center  
  49  8:34  Viking  
  49  8:36  SCV  
  52  8:48  SCV  
  53  8:55  SCV  
  47  8:58  Siege Tank  
  47  9:00  SCV  
  51  9:07  SCV  
  51  9:08  Viking  
  51  9:09  Viking  
  56  9:12  SCV  
  56  9:15  Supply Depot  
  57  9:19  Supply Depot  
  57  9:20  Orbital Command  
  57  9:24  SCV  
  53  9:36  SCV  
  53  9:37  Siege Tank  
  57  9:49  SCV  
  58  9:53  SCV  
  85  10:00  Viking x2  
  59  10:01  SCV  
  59  10:06  SCV  
  59  10:13  SCV  
  60  10:18  SCV  
  58  10:25  SCV  
  59  10:30  SCV  
  59  10:31  Viking x2  
  64  10:37  SCV  
  64  10:41  Supply Depot  
  64  10:42  Supply Depot, SCV  
  66  10:43  Supply Depot  
  66  10:44  Supply Depot  
  66  10:45  Hi-Sec Auto Tracking  
  66  10:46  Hellion  
  68  10:54  SCV  
  69  10:57  Viking  
  71  11:06  SCV  
  71  11:08  SCV  
  73  11:15  Siege Tank  
  73  11:16  Armory  
  76  11:18  SCV  
  76  11:20  SCV  
  78  11:30  SCV  
  78  11:32  Missile Turret, SCV  
  75  11:44  SCV  
  75  11:56  SCV  
Tags
 
Add a new tag
Caveats
  • Supply blocks, unpowered buildings, or Contaminate may cause inaccurate times.
  • Supply counts are checked every 10 seconds.